 Dungeon Crawl Stone Soup version 0.18.1-48-g4cf74bf (webtiles) character file.

193 Caphalor the Gusty (level 5, -3/32 HPs)
             Began as a Tengu Air Elementalist on June 28, 2016.
             Slain by a sky beast (5 damage)
             ... on level 2 of the Dungeon.
             The game lasted 00:09:27 (2778 turns).

Caphalor the Gusty (Tengu Air Elementalist)         Turns: 2778, Time: 00:09:27

Health: -3/32      AC:  2    Str:  8    XL:     5   Next: 72%
Magic:  9/9        EV:  7    Int: 16    God:
Gold:   144        SH:  0    Dex: 15    Spells: 3 memorised, 2 levels left

rFire  . . .     SeeInvis .     o - +4 falchion (holy)
rCold  . . .     Gourm    .     a - +0 robe
rNeg   . . .     Faith    .     (no shield)
rPois  .         Spirit   .     (helmet restricted)
rElec  .         Dismiss  .     (no cloak)
rCorr  .         Reflect  .     (no gloves)
SustAt .         Harm     .     (boots unavailable)
MR     .....                    (no amulet)
Stlth  ++........               (no ring)
                                (no ring)

@: not resistant to hostile enchantments, unstealthy
A: beak, talons 3, able to fly 1
a: Fly


You were on level 2 of the Dungeon.
You were not hungry.

You visited 1 branch of the dungeon, and saw 3 of its levels.

You collected 144 gold pieces.

Inventory:

Hand Weapons
 o - a +4 falchion of holy wrath (weapon)
Armour
 a - a +0 robe (worn)
Scrolls
 d - 2 scrolls of remove curse {unknown}
 f - a scroll of enchant weapon {unknown}
 g - a scroll of blinking {unknown}
 h - a scroll of random uselessness {unknown}
 j - a scroll of amnesia {unknown}
 l - a scroll of immolation {unknown}
 n - 2 scrolls of identify {unknown}
Potions
 e - a potion of curing {unknown}
 i - a potion of cure mutation {unknown}
 m - 2 potions of brilliance {unknown}
Books
 b - a book of Air

   Spells                             Type                      Level
   a - Shock                          Conjuration/Air              1
   b - Swiftness                      Charms/Air                   2
   c - Repel Missiles                 Charms/Air                   2
   d - Static Discharge               Conjuration/Air              3
   e - Lightning Bolt                 Conjuration/Air              5
 q - a book of the Dragon

   Spells                             Type                      Level
   a - Flame Tongue                   Conjuration/Fire             1
   b - Cause Fear                     Hexes                        4
   c - Bolt of Fire                   Conjuration/Fire             6
   d - Dragon Form                    Transmutation                7
   e - Dragon's Call                  Summoning                    9
Comestibles
 c - a bread ration
 k - 2 meat rations
 p - 3 chunks of flesh
 r - a fruit


   Skills:
 + Level 2.9 Fighting
 - Level 2.1 Dodging
 - Level 2.0 Stealth
 - Level 2.0 Spellcasting
 + Level 3.9 Conjurations
 + Level 5.8 Air Magic


You had 2 spell levels left.
You knew the following spells:

 Your Spells              Type           Power        Failure   Level  Hunger
a - Shock                 Conj/Air       ###.         3%          1    #......
b - Repel Missiles        Chrm/Air       ##....       12%         2    ###....
c - Static Discharge      Conj/Air       ###.....     12%         3    ###....


Dungeon Overview and Level Annotations

Branches:
Dungeon (3/15)

Altars:


Innate Abilities, Weirdness & Mutations

You have a beak for a mouth.
You have claws for feet.
You can fly.


Message History

* * * LOW HITPOINT WARNING * * *
Something hits you but does no damage.
You climb upwards.
There is a stone staircase leading down here.
A sky beast appears from thin air!
Reactivating autopickup.
You see here a club.
The sky beast flickers out of sight!
Deactivating autopickup; reactivate with Ctrl-A.
A sky beast appears from thin air!
Reactivating autopickup.
There is a stone staircase leading up here.
There is a stone staircase leading up here.
The sky beast flickers out of sight!
Deactivating autopickup; reactivate with Ctrl-A.
There is a stone staircase leading up here.
Something hits you.
* * * LOW HITPOINT WARNING * * *
Something shocks you.
You die...

#.# #.##.##.....(##.# #.#
#.###.##.##########.# ##'##
#...........##......# ##...#
######.########.###..# ##.....
######.## #.# #..## ##......
.##.....#######.###...####.......
.+.......................'.......
.##......########.#...####.......
###......# #.@.....# ##....<. #
#......# #.#.###.# ##.....
#.#...## #.#.# #.# ##...# #.##..#
#.#.###.# ##'## #.....# #.......#
#.# ####.## ###.##### #.# ### #.#
#.# ##.## #.## #.# #)# ##...#
...###.# #.##########.....


There were no monsters in sight!

Vanquished Creatures
  Jessica (D:2)
  Robin (D:2)
  7 adders
  An ooze (D:2)
  2 worms
  2 dart slugs
  4 giant geckos
  3 ball pythons
  5 bats
  2 giant cockroaches
  16 goblins
  11 hobgoblins
  6 jackals
  A quokka (D:3)
  5 giant newts
  3 kobolds
  5 rats
75 creatures vanquished.

Notes
Turn   | Place    | Note
--------------------------------------------------------------
     0 | D:1      | Caphalor the Tengu Air Elementalist began the quest for the Orb.
     0 | D:1      | Reached XP level 1. HP: 10/10 MP: 4/4
   131 | D:1      | Reached skill level 1 in Fighting
   131 | D:1      | Reached XP level 2. HP: 14/16 MP: 3/6
   681 | D:1      | Reached XP level 3. HP: 20/20 MP: 5/7
   861 | D:1      | You fall through a shaft!
  1402 | D:2      | Reached XP level 4. HP: 26/26 MP: 5/8
  1453 | D:2      | Reached skill level 5 in Air Magic
  1536 | D:2      | Noticed Robin
  1547 | D:2      | Killed Robin
  1911 | D:2      | Noticed Jessica
  1914 | D:2      | Killed Jessica
  1914 | D:2      | Gained mutation: You can fly. [Tengu growth]
  1914 | D:2      | Reached XP level 5. HP: 22/31 MP: 6/9
  1951 | D:2      | Learned a level 2 spell: Repel Missiles
  1955 | D:2      | Learned a level 3 spell: Static Discharge
  2718 | D:3      | Noticed a sky beast
  2778 | D:2      | Slain by a sky beast

Skill      XL: |  1  2  3  4 |
---------------+-------------+-----
Fighting       | 1 2 |  2.9
Conjurations   | 2 3 |  3.9
Air Magic      | 5 |  5.8
Dodging        | |  2.1
Stealth        | |  2.0
Spellcasting   | |  2.0

Action                   |  1- 3 |  4- 6 || total
-------------------------+-------+-------++-------
Melee: Club              |     3 |       ||     3
       Peck              |     7 |     5 ||    12
       Whip              |    46 |     7 ||    53
       Kick              |     9 |     8 ||    17
       Falchion          |       |    46 ||    46
 Cast: Shock             |    36 |    45 ||    81
 Stab: Sleeping          |     2 |     6 ||     8
  Eat: Chunk             |     2 |     5 ||     7
Armor: Robe              |    10 |     6 ||    16
Dodge: Dodged            |    42 |    30 ||    72
